 Dungeon Crawl Stone Soup version 0.26-a0-1181-gd376ed14c5 (webtiles) character file.

Game seed: 16672661256577520262

15666 voltaire321 the Martial Artist (level 12, -4/82 HPs)
             Began as an Octopode Transmuter on Dec 26, 2020.
             Was a Priest of Makhleb.
             Slain by a water moccasin (5 damage)
             ... on level 2 of the Lair of Beasts on Dec 27, 2020.
             The game lasted 01:13:15 (18836 turns).

voltaire321 the Martial Artist (OpTm)              Turns: 18836, Time: 01:13:16

Health: -4/82      AC:  5    Str: 10    XL:     12   Next: 29%
Magic:  21/21      EV: 18    Int: 15    God:    Makhleb [***...]
Gold:   752        SH:  5    Dex: 17    Spells: 2/23 levels left

rFire    . . .     SeeInvis .     - Unarmed
rCold    . . .     Faith    .   (no shield)
rNeg     . . .     Spirit   .   (helmet restricted)
rPois    .         Reflect  +   k - amulet of reflection
rElec    .         Harm     .   i - ring of wizardry
rCorr    .         Rampage  .   x - +4 ring of protection
Will     .....                  (no ring)
Stlth    +++.......             (no ring)
HPRegen  0.23/turn              (no ring)
MPRegen  0.17/turn              (no ring)
                                (no ring)
                                (no ring)

@: wereblooded
A: almost no armour, stealthy swim, amphibious, 8 rings, constrict 8, camouflage
1, gelatinous body 1
a: Renounce Religion, Minor Destruction, Lesser Servant of Makhleb


You were on level 2 of the Lair of Beasts.
You worshipped Makhleb.
Makhleb was most pleased with you.
You visited 3 branches of the dungeon, and saw 13 of its levels.
You also visited: Ossuary.

You collected 752 gold pieces.

Inventory:

Missiles
 c - 318 stones
 j - 16 boomerangs (quivered)
 o - 23 poisoned darts
 t - 55 sling bullets
 u - 2 throwing nets
Jewellery
 i - a ring of wizardry (left tentacle)
 k - an amulet of reflection (around mantle)
 x - a +4 ring of protection (right tentacle)
Wands
 y - a wand of flame (20)
 C - a wand of paralysis (13)
 E - a wand of iceblast (12)
 F - a wand of polymorph (5)
 J - a wand of digging (4)
Scrolls
 a - 3 scrolls of amnesia
 b - a scroll of teleportation
 d - 9 scrolls of identify
 g - a scroll of fear
 l - a scroll of enchant armour {unknown}
 n - 6 scrolls of remove curse
 p - a scroll of acquirement {unknown}
 v - a scroll of magic mapping {unknown}
 D - 2 scrolls of enchant weapon {unknown}
 G - a scroll of vulnerability {unknown}
 I - a scroll of immolation {unknown}
Potions
 e - 3 potions of lignification
 f - 4 potions of brilliance
 h - 4 potions of haste
 m - 4 potions of invisibility
 q - a potion of flight
 r - 4 potions of resistance
 s - a potion of magic
 w - a potion of might
 z - a potion of curing
 A - 3 potions of mutation
 B - a potion of cancellation
Miscellaneous
 H - a box of beasts


   Skills:
 + Level 7.7 Fighting
 - Level 5.0 Throwing
 + Level 7.8 Dodging
 + Level 8.3 Unarmed Combat
 + Level 6.1 Spellcasting
 + Level 2.2 Summonings
 + Level 7.8 Transmutations
 + Level 4.6 Ice Magic
 - Level 2.0 Earth Magic
 - Level 5.0 Poison Magic
 + Level 6.7 Invocations


You had 2 spell levels left.
You knew the following spells:

 Your Spells              Type           Power        Failure   Level
a - Blade Hands           Tmut           14%          6%          5
b - Wereblood             Tmut           28%          1%          2
c - Spider Form           Tmut/Pois      11%          1%          3
d - Summon Ice Beast      Ice/Summ       14%          14%         4
e - Passwall              Tmut/Erth      15%          1%          2
f - Ice Form              Ice/Tmut       23%          4%          4
g - Sandblast             Erth           20%          2%          1

Your spell library contained the following spells:

 Spells                   Type           Power        Failure   Level
 Beastly Appendage        Tmut           56%          1%          1
 Summon Small Mammal      Summ           44%          2%          1
 Call Imp                 Summ           11%          3%          2
 Magic Dart               Conj           16%          6%          1
 Blink                    Tloc           N/A          9%          2
 Slow                     Hex            4%           9%          2
 Call Canine Familiar     Summ           11%          7%          3
 Petrify                  Tmut/Erth      19%          8%          4
 Mephitic Cloud           Conj/Pois/Air  9%           9%          3
 Summon Guardian Golem    Hex/Summ       8%           11%         3
 Stone Arrow              Conj/Erth      14%          12%         3
 Confusing Touch          Hex            4%           17%         3
 Conjure Flame            Conj/Fire      4%           17%         3
 Gell's Gravitas          Tloc           2%           17%         3
 Summon Lightning Spire   Summ/Air       8%           32%         4
 Yara's Violent Unravell  Hex/Tmut       8%           32%         5
 Cause Fear               Hex            2%           47%         4
 Metabolic Englaciation   Hex/Ice        5%           50%         5
 Lee's Rapid Deconstruct  Erth           5%           54%         5
 Silence                  Hex/Air        2%           82%         5
 Discord                  Hex            2%           100%        8


Dungeon Overview and Level Annotations

Branches:
Dungeon (10/15)            Temple (1/1) D:7            Lair (2/6) D:9
    Orc (0/2) D:10        Ossuary (visited)
  Swamp: Lair:2-4    Shoals: Lair:2-4     Snake: Lair:2-4    Spider: Lair:2-4

Altars:
Ashenzari
Cheibriados
Dithmenos
Elyvilon
Fedhas
Gozag
Hepliaklqana
Kikubaaqudgha
Makhleb
Nemelex Xobeh
Okawaru
Qazlal
Ru
Sif Muna
Trog
Uskayaw
Vehumet
Wu Jian
Xom
Yredelemnul
Zin
The Shining One

Shops:
D:9 [

Annotations:
Lair:1 exclusion: oklob plant
Lair:2 Sonja


Innate Abilities, Weirdness & Mutations

You cannot wear most types of armour.
You are very stealthy in the water. (Stealth+)
You are amphibious.
You can wear up to eight rings at the same time.
You can use your tentacles to constrict eight enemies at once.
Your skin changes colour to match your surroundings (Stealth+).
Your rubbery body absorbs attacks. (AC +1, EV +1)


Message History

You feel sick. The black mamba bites you!
You block the water moccasin's attack. The black mamba barely misses you.
You punch the water moccasin!
The water moccasin seems to slow down.
You freeze the water moccasin!
The water moccasin is severely wounded.
You feel sick. The black mamba bites you! The water moccasin bites you.
You are more poisoned.
The water moccasin poisons you!
You barely miss the water moccasin.
The water moccasin is severely wounded.
You feel sick. The black mamba bites you!
* * * LOW HITPOINT WARNING * * *
The black mamba bites you!
* * * LOW HITPOINT WARNING * * *
You feel better.
You warm up again.
The black mamba bites you!!
* * * LOW HITPOINT WARNING * * *
The water moccasin bites you.
You die...

#..##......## .
...###.....## #
P..># #......#
.## ##..#
#.....#### #.P#
#...
#.....##.##....
...#
##.....#.......
.# ... #
#....##...P.# ..
...###...#†SS..#
. ......P.?..@##
P ......(......#
......#.....##
....##...#.##
.P##.....### ###
## ##..... #..
#.....# #.
P...... #.
##......# ##


You could see a black mamba and a water moccasin (slow).

Vanquished Creatures
  A centaur warrior (D:10)
  Urug (Lair:1)
  7 cane toads
  2 komodo dragons (Lair:1)
  Maggie (D:9)
  A troll (D:5)
  A polar bear (Lair:2)
  12 blink frogs (Lair:1)
  20 yaks (Lair:1)
  A basilisk (Lair:1)
  Edmund (D:5)
  8 water moccasins
  An ice beast (D:9)
  A sky beast (D:9)
  4 orc warriors
  An eye of draining (D:10)
  2 phantoms
  7 ogres
  3 centaurs
  2 big kobolds
  Blork the orc (D:5)
  An elf zombie (Ossuary)
  3 bullfrogs
  A water moccasin zombie (D:5)
  2 scorpions
  8 killer bees
  8 wights (D:10)
  A howler monkey (D:9)
  A quasit (D:9)
  A centaur zombie (Ossuary)
  2 bullfrog zombies
  7 hounds
  12 orc wizards
  2 jellies
  12 orc priests
  2 gnoll shamans
  2 centaur skeletons (D:5)
  2 human zombies (Ossuary)
  4 iguanas
  Terence (D:2)
  5 worker ants
  2 big kobold zombies (Ossuary)
  A hound zombie (D:10)
  A hound skeleton (D:10)
  3 mummies
  A worker ant zombie (D:8)
  A howler monkey zombie (D:8)
  Robin (D:2)
  13 adders
  11 gnolls
  2 shadow imps
  3 white imps
  3 ufetubi
  An ooze (D:3)
  4 adder zombies
  3 worms
  3 dart slugs
  5 leopard geckos
  40 orcs
  A ball python (D:3)
  4 bats
  4 giant cockroaches
  10 hobgoblins
  10 jackals
  17 kobolds
  4 quokkas
  5 frilled lizards
  14 goblins
  8 hobgoblin zombies
  11 kobold zombies
  A leopard gecko zombie (D:5)
  11 orc zombies (Ossuary)
  A quokka skeleton (D:5)
  10 rats
364 creatures vanquished.

Vanquished Creatures (others)
  13 fungi
  17 plants
  4 toadstools (D:1)
34 creatures vanquished.

Grand Total: 398 creatures vanquished

Notes
Turn   | Place    | Note
-------+----------+-------------------------------------------
     0 | D:1      | voltaire321 the Octopode Transmuter began the quest for the
                  | Orb.
     0 | D:1      | Reached XP level 1. HP: 13/13 MP: 3/3
   240 | D:1      | Reached XP level 2. HP: 16/18 MP: 3/5
   245 | D:1      | Learned a level 2 spell: Wereblood
   815 | D:2      | Found a faded altar of an unknown god.
   845 | D:2      | Noticed Robin
   856 | D:2      | Killed Robin
   857 | D:2      | Reached XP level 3. HP: 21/23 MP: 1/6
  1050 | D:2      | Reached XP level 4. HP: 20/29 MP: 5/7
  1153 | D:2      | Learned a level 3 spell: Spider Form
  1247 | D:2      | Noticed Terence
  1258 | D:2      | Killed Terence
  1936 | D:2      | Reached XP level 5. HP: 34/34 MP: 7/9
  1992 | D:3      | Reached skill level 1 in Poison Magic
  2362 | D:3      | Reached skill level 1 in Throwing
  2847 | D:3      | Reached XP level 6. HP: 38/39 MP: 8/10
  4010 | D:4      | Reached skill level 4 in Unarmed Combat
  4010 | D:4      | Reached XP level 7. HP: 30/45 MP: 11/11
  4844 | D:5      | Entered Level 5 of the Dungeon
  5116 | D:5      | Learned a level 4 spell: Summon Ice Beast
  5189 | D:4      | Reached XP level 8. HP: 11/52 MP: 13/13
  5772 | D:5      | Found an iron altar of Okawaru.
  5772 | D:5      | Found a stormy altar of Qazlal.
  5774 | D:5      | Found a broken altar of Ashenzari.
  5775 | D:5      | Found a shimmering altar of Xom.
  5790 | D:5      | Found a shimmering blue altar of Sif Muna.
  5929 | D:5      | Noticed a troll
  6074 | D:5      | Noticed Edmund
  6077 | D:5      | Noticed Blork the orc
  6770 | D:6      | Reached skill level 5 in Unarmed Combat
  7246 | D:7      | Found a sand-covered staircase.
  7320 | Ossuary  | Entered an ossuary
  7540 | Ossuary  | Reached XP level 9. HP: 36/58 MP: 11/15
  8315 | D:7      | Found a staircase to the Ecumenical Temple.
  8324 | Temple   | Entered the Ecumenical Temple
  8397 | Temple   | Became a worshipper of Makhleb the Destroyer
  9654 | D:8      | Reached skill level 1 in Invocations
  9669 | D:8      | Reached skill level 5 in Dodging
  9674 | D:8      | Reached skill level 5 in Poison Magic
  9781 | D:8      | Reached skill level 5 in Transmutations
  9942 | D:7      | Reached * piety under Makhleb
 10162 | D:5      | Killed a troll
 10362 | D:5      | Killed Blork the orc
 10504 | D:5      | Killed Edmund
 10505 | D:5      | Reached skill level 5 in Spellcasting
 10595 | D:8      | Reached skill level 5 in Fighting
 10676 | D:8      | Found a radiant altar of Vehumet.
 10745 | D:8      | Reached skill level 6 in Unarmed Combat
 11427 | D:8      | Learned a level 2 spell: Passwall
 11433 | D:8      | Learned a level 5 spell: Blade Hands
 11465 | D:9      | Reached XP level 10. HP: 61/66 MP: 14/17
 11747 | D:9      | Found a staircase to the Lair.
 11833 | D:9      | Found Yhueniuk's Antique Armour Shoppe.
 11952 | D:9      | Reached ** piety under Makhleb
 11998 | D:9      | Reached skill level 5 in Throwing
 12386 | D:9      | Noticed Maggie
 12403 | D:9      | Killed Maggie
 12678 | D:10     | Entered Level 10 of the Dungeon
 12716 | D:10     | Found a staircase to the Orcish Mines.
 13204 | D:10     | Reached skill level 1 in Earth Magic
 13429 | D:10     | Noticed a two-headed ogre
 14834 | D:10     | Noticed a centaur warrior
 14884 | D:10     | Killed a centaur warrior
 14885 | D:10     | Reached skill level 7 in Unarmed Combat
 14885 | D:10     | Reached skill level 1 in Ice Magic
 15510 | D:9      | Learned a level 4 spell: Ice Form
 15513 | D:9      | Learned a level 1 spell: Sandblast
 15514 | Lair:1   | Entered Level 1 of the Lair of Beasts
 15544 | Lair:1   | Noticed a cane toad
 15854 | Lair:1   | Killed a cane toad
 15855 | Lair:1   | Reached XP level 11. HP: 72/72 MP: 16/20
 15919 | Lair:1   | Reached skill level 5 in Invocations
 15928 | Lair:1   | Reached *** piety under Makhleb
 16190 | Lair:1   | Noticed an oklob plant
 16739 | Lair:1   | Noticed Urug
 17442 | Lair:1   | Reached skill level 8 in Unarmed Combat
 17943 | Lair:1   | Killed Urug
 17944 | Lair:1   | Reached skill level 1 in Summonings
 17944 | Lair:1   | Reached XP level 12. HP: 50/81 MP: 18/21
 18554 | Lair:2   | Noticed Sonja
 18836 | Lair:2   | HP: 1/82 [black mamba (20)]
 18836 | Lair:2   | Slain by a water moccasin

Illustrated notes

Levels and vault maps discovered:
D:1:      ldierk_water_garden, layout_rooms, chequers_serial_rivers_marsh
D:2:      cheibrodos_old_hovel, layout_basic, chequers_ecumenical_altar_simple,
          uniq_terence, uniq_robin
D:3:      layout_basic
D:4:      layout_basic
D:5:      layout_gridville, grunt_temple_overflow_open, wad_floor_pattern_1,
          uniq_blork_the_orc, uniq_edmund
D:6:      layout_basic
D:7:      layout_basic, temple_green, nicolae_ossuary_entry_giza
D:8:      layout_rooms, vehumet_crystals, chequers_garden
D:9:      layout_basic, lair_entry_dummy, serial_shops, kennysheep_mini_moat,
          uniq_maggie
D:10:     layout_stronghold, orc_0_dummy, st_stairs_10
Temple:   eino_temple_scatter_basement
Lair:1:   layout_loops_ring, minmay_lair_oklob_chamber,
          infiniplex_staircase_pool, grunt_megastairs_3, uniq_urug
Lair:2:   layout_hall_layers, skrybe_swamp_entry_bodies,
          minmay_snake_entry_six_corridors, lemuel_fruit_fields, uniq_sonja

Skill      XL: |  1  2  3  4  5  6  7  8  9 10 11 12 |
---------------+-------------------------------------+-----
Fighting       | 2 3 4 5 6 7 |  7.7
Poison Magic   | 1 2 3 4 5 |  5.0
Throwing       | 1 2 3 4 5 |  5.0
Dodging        | 3 4 5 6 7 |  7.8
Spellcasting   | 3 4 5 6 |  6.1
Transmutations | 3 4 5 6 7 |  7.8
Unarmed Combat | 4 5 6 7 8 |  8.3
Invocations    | 2 4 6 |  6.7
Earth Magic    | 2 |  2.0
Ice Magic      | 1 4 |  4.6
Summonings     | 1 2 |  2.2

Action                   |  1- 3 |  4- 6 |  7- 9 | 10-12 || total
-------------------------+-------+-------+-------+-------++-------
Melee: Unarmed           |    62 |   109 |   496 |   551 ||  1218
       Constrict         |    18 |    37 |    16 |    23 ||    94
       Kick              |    11 |    39 |    16 |       ||    66
       Tentacles         |     8 |    21 |    21 |    20 ||    70
       Punch             |     2 |     3 |     3 |     6 ||    14
Throw: Boomerang         |       |    61 |   105 |    21 ||   187
 Cast: Beastly Appendage |    15 |    26 |    10 |       ||    51
       Wereblood         |     1 |     3 |     5 |     4 ||    13
       Spider Form       |       |       |    46 |    35 ||    81
       Ice Form          |       |       |       |     8 ||     8
       Passwall          |       |       |       |     4 ||     4
       Blade Hands       |       |       |       |    10 ||    10
       Summon Ice Beast  |       |       |       |     3 ||     3
  Use: Scroll            |       |     7 |    10 |     5 ||    22
       Potion            |       |       |     3 |     6 ||     9
 Stab: Sleeping          |     2 |       |     1 |     1 ||     4
       Confused          |       |       |     1 |       ||     1
       Distracted        |       |       |       |     1 ||     1
Armor: Skin              |     4 |     1 |    30 |    49 ||    84
Dodge: Dodged            |    32 |    58 |   371 |   439 ||   900
Block: Other             |       |    12 |   103 |   117 ||   232
       Reflection        |       |       |     2 |       ||     2

Table legend: (Time is in decaauts)
 A = Elapsed time spent in this place.
 B = Non-inter-level travel time spent in this place.
 C = Inter-level travel time spent in this place.
 D = Time resting spent in this place.
 E = Time spent auto-exploring this place.
 F = Levels seen in this place.
 G = Mean time per level.
                   A        B        C        D        E       F      G
               +--------+--------+--------+--------+--------+-----+--------+
         Total |  18758 |  18261 |    497 |   7666 |   5016 |  14 | 1339.9 |
       Dungeon |  15246 |  14789 |    457 |   6223 |   4634 |  10 | 1524.6 |
        Temple |    159 |    159 |      0 |      0 |     78 |   1 |  159.0 |
          Lair |   2750 |   2710 |     40 |   1224 |    304 |   2 | 1375.0 |
       Ossuary |    602 |    602 |      0 |    219 |      0 |   1 |  602.0 |
               +--------+--------+--------+--------+--------+-----+--------+

Top non-repeatable levels by time:
  Lair:1: 2601 daAuts
     D:9: 2493 daAuts
     D:7: 1874 daAuts
    D:10: 1852 daAuts
     D:3: 1597 daAuts
     D:4: 1436 daAuts
     D:5: 1409 daAuts
     D:8: 1398 daAuts
     D:2: 1258 daAuts
     D:6: 1116 daAuts
     D:1: 810 daAuts
 Ossuary: 602 daAuts
  Temple: 159 daAuts
  Lair:2: 148 daAuts
